 Dungeon Crawl Stone Soup version 0.32-a0-616-g9348d4545b (webtiles) character file.

Game seed: 10482844232673863815

67 ezpacito the Trooper (level 4, -3/52 HPs)
             Began as a Coglin Chaos Knight on Mar 5, 2024.
             Was a Plaything of Xom.
             Slain by a gnoll
             ... wielding a +0 halberd
              (10 damage)
             ... on level 2 of the Dungeon.
             The game lasted 00:02:19 (724 turns).

ezpacito the Trooper (Coglin Chaos Knight)           Turns: 724, Time: 00:02:20

Health: -3/52      AC: 22    Str: 15    XL:     4   Next: 16%
Magic:  4/4        EV:  2    Int: 11    God:    Xom [....*.]
Gold:   28         SH:  0    Dex: 13    Spells: 3/3 levels left

rFire   + . .        a - +0 hand axe (chaos) {Chaewon}
rCold   + . .        d - +0 dagger {Luis}
rNeg    . . .        b - melded +2 leather armour
rPois   +            (helmet currently unavailable)
rElec   +            (cloak currently unavailable)
rCorr   +            (gloves currently unavailable)
SInv    .            (boots currently unavailable)
Will    .....        (no amulet)
Stlth   +            (no ring)
HPRegen 0.28/turn    (no ring)
MPRegen 0.09/turn    (no gizmo)

%: no passive effects
@: tree-form, resistant
A: stationary, stasis, torment immunity, boosted hp, off-hand wielding, slow
wielding, warmup strikes, (no jewellery)
a: Invent Gizmo, Renounce Religion


You were on level 2 of the Dungeon.
You worshipped Xom.
You were a beloved toy of Xom.
You were a tree.
You visited 1 branch of the dungeon, and saw 2 of its levels.

You collected 28 gold pieces.

Inventory:

Hand Weapons
 a - a +0 hand axe of chaos (weapon) {Chaewon}
 d - a +0 dagger (offhand) {Luis}
Missiles
 l - 2 poisoned darts
 m - 2 throwing nets
Armour
 b - a +2 leather armour (melded)
 g - a +0 pair of boots
 h - a +0 plate armour
 k - a +0 helmet
Scrolls
 e - a scroll of identify {unknown}
 f - a scroll of enchant armour {unknown}
 n - a scroll of immolation {unknown}


   Skills:
 * Level 3.3 Fighting
 * Level 3.3(3.4) Axes
 + Level 1.0(2.1) Polearms
 * Level 2.4 Armour
 * Level 1.4 Dodging
 + Level 0.6 Stealth
 + Level 0.4 Spellcasting


You had 3 spell levels left.
You didn't know any spells.
Your spell library contained the following spells:

 Spells                   Type           Power      Damage    Failure   Level
 Animate Dead             Necr           0%         N/A       98%         4
 Haunt                    Necr/Summ      0%         N/A       100%        7
 Infestation              Necr           0%         N/A       100%        8


Dungeon Overview and Level Annotations

Branches:
Dungeon (2/15)

Altars:


Innate Abilities, Weirdness & Mutations

You are a tree.
Your roots penetrate the ground, keeping you stationary.
You cannot be teleported.
You are immune to unholy pain and torment.
Your maximum health is greatly increased.
Your equipment is partially melded.
You can wield a second weapon in your off-hand.
It takes a long time for you to wield or remove held weapons.
Your first few attacks do less damage.
((You cannot equip rings or amulets.))


Message History

You kill your butterfly!
Your butterfly disappears in a burst of colours!
Your butterfly is engulfed in poison gas.
Your butterfly is poisoned.
You kill your butterfly!
Your butterfly disappears in a burst of colours!
Your butterfly is engulfed in poison gas.
Your butterfly is poisoned.
You kill your butterfly!
Your butterfly disappears in a burst of colours!
Your butterfly is engulfed in poison gas.
Your butterfly is poisoned.
You kill your butterfly!
Your butterfly disappears in a burst of colours!
Your butterfly is engulfed in poison gas.
Your butterfly is poisoned.
You kill your butterfly!
Your butterfly disappears in a burst of colours!
Your butterfly is engulfed in poison gas.
Your butterfly is poisoned.
You kill your butterfly!
Your butterfly disappears in a burst of colours!
Your butterfly is engulfed in poison gas.
Your butterfly is poisoned.
You kill your butterfly!
Your butterfly disappears in a burst of colours!
Your butterfly is engulfed in poison gas.
Your butterfly is poisoned.
You kill your butterfly!
Your butterfly disappears in a burst of colours!
Your butterfly is engulfed in poison gas.
Your butterfly is poisoned.
You kill your butterfly!
Your butterfly disappears in a burst of colours!
Your butterfly is engulfed in poison gas.
Your butterfly is poisoned.
You kill your butterfly!
Your butterfly disappears in a burst of colours!
The gnoll hits you from afar with a +0 halberd!
You die...

#.###.###.# #.
#.....§...# #.
#####§##### #. ##§## #.
##§.§## #. # ##.§§§§##
##. .§. ##.b.bb..## ##..
.§§§.####.bbbbb...####...
.§§§§§gb♣bbb.b.b..'......
#§§§§####§b§b§§§..####...
#§# ##§§.§§§.## #...
##§§..§## #.#. ##§§§##
#.#. ##'## #.#. #§# #...
#.# ###. ##.######## #.


You could see a gnoll (ally target).

Vanquished Creatures
  3 gnolls (D:2)
  An adder (D:2)
  3 endoplasms (D:1)
  A giant cockroach (D:1)
  4 jackals (D:1)
  2 kobolds (D:1)
  A quokka (D:1)
  4 bats (D:1)
  A frilled lizard (D:1)
  A goblin (D:2)
  3 rats
24 creatures vanquished.

Vanquished Creatures (collateral kills)
  A dart slug (D:1)
  An endoplasm (D:1)
  A ball python (D:1)
3 creatures vanquished.

Grand Total: 27 creatures vanquished

Notes
Turn   | Place    | Note
-------+----------+-------------------------------------------
     0 | D:1      | ezpacito the Coglin Chaos Knight began the quest for the
                  | Orb.
     0 | D:1      | Reached XP level 1. HP: 18/18 MP: 1/1
     2 | D:1      | Noticed an octopode
     4 | D:1      | Noticed a ghoul
     4 | D:1      | Noticed an oni
     6 | D:1      | Noticed a tengu
     8 | D:1      | Noticed a gargoyle
     8 | D:1      | Noticed a spriggan
    10 | D:1      | Noticed a draconian
    10 | D:1      | Noticed a demigod
    12 | D:1      | Noticed a felid
    14 | D:1      | Noticed an armataur
    14 | D:1      | Noticed a djinni
    16 | D:1      | Noticed a minotaur
    16 | D:1      | Noticed a vampire
    17 | D:1      | XOM: silly message
    18 | D:1      | Noticed a troll
    20 | D:1      | Noticed a dwarf
    20 | D:1      | Noticed a demonspawn
    22 | D:1      | Noticed a naga
    22 | D:1      | Noticed a formicid
    24 | D:1      | Noticed a barachi
    24 | D:1      | Noticed a human
    26 | D:1      | Noticed an elf
    26 | D:1      | Noticed a vine stalker
    28 | D:1      | Noticed a merfolk
    47 | D:1      | XOM: divination: detect creatures
    70 | D:1      | Reached skill level 1 in Dodging
    71 | D:1      | Reached XP level 2. HP: 19/24 MP: 2/2
   531 | D:1      | Reached XP level 3. HP: 29/29 MP: 3/3
   714 | D:2      | Reached skill level 1 in Polearms
   714 | D:2      | Reached XP level 4. HP: 11/35 MP: 4/4
   724 | D:2      | Slain by a gnoll

Illustrated notes

Levels and vault maps discovered:
D:1:      kb_arrival_jail, layout_rooms, serial_corexii_hall,
          corexii_hall_statues_i, corexii_hall_statues_deadend
D:2:      layout_loops_corners, dk_noncrumbling_4

Skill      XL: |  1  2  3 |
---------------+----------+-----
Dodging        | 1 |  1.4
Armour         | 2 |  2.4
Polearms       | 1 |  1.0
Fighting       | |  3.3
Axes           | |  3.3
Stealth        | |  0.6
Spellcasting   | |  0.4

Action                     |  1- 3 |  4- 6 || total
---------------------------+-------+-------++-------
  Melee: Dagger            |    44 |       ||    44
         Hand axe          |    46 |       ||    46
    Use: Scroll            |       |     2 ||     2
         Potion            |       |     2 ||     2
   Stab: Distracted        |     1 |       ||     1
 Armour: Leather armour    |    34 |       ||    34
         Skin              |       |     3 ||     3
  Dodge: Dodged            |    46 |       ||    46

Table legend: (Time is in decaauts)
 A = Elapsed time spent in this place.
 B = Non-inter-level travel time spent in this place.
 C = Inter-level travel time spent in this place.
 D = Time resting spent in this place.
 E = Time spent auto-exploring this place.
 F = Levels seen in this place.
 G = Mean time per level.
                   A        B        C        D        E       F      G
               +--------+--------+--------+--------+--------+-----+--------+
         Total |    727 |    704 |     23 |      0 |    511 |   2 |  363.5 |
       Dungeon |    727 |    704 |     23 |      0 |    511 |   2 |  363.5 |
               +--------+--------+--------+--------+--------+-----+--------+

Top non-repeatable levels by time:
     D:1: 580 daAuts
     D:2: 147 daAuts
